 Dungeon Crawl Stone Soup version 0.19.4-8-ga85b6b9 (webtiles) character file.

230 dngmouse the Vexing (level 5, -3/35 HPs)
             Began as a Vampire Enchanter on Feb 12, 2017.
             Slain by a centaur (9 damage)
             ... on level 3 of the Dungeon.
             The game lasted 00:12:03 (3619 turns).

dngmouse the Vexing (Vampire Enchanter)             Turns: 3619, Time: 00:12:03

Health: -3/35      AC:  4    Str:  7    XL:     5   Next: 72%
Magic:  1/8        EV: 14    Int: 17    God:
Gold:   41         SH:  0    Dex: 16    Spells: 3 memorised, 2 levels left

rFire  . . .     SeeInvis +     a - +2 dagger
rCold  + + .     Gourm    .     b - +1 robe
rNeg   + + .     Faith    .     (no shield)
rPois  +         Spirit   .     (no helmet)
rElec  .         Reflect  .     (no cloak)
rCorr  .         Harm     .     (no gloves)
MR     .....                    i - +0 pair of boots
Stlth  ++++......               (no amulet)
                                (no ring)
                                u - ring of protection from cold

@: very slightly contaminated, regenerating slowly, hasted, very quick
A: fangs 3, see invisible, unbreathing
a: Bat Form


You were on level 3 of the Dungeon.
You were very thirsty.

You visited 1 branch of the dungeon, and saw 3 of its levels.

You collected 41 gold pieces.

Inventory:

Hand Weapons
 a - a +2 dagger (weapon)
 f - a +2 short sword of protection
Armour
 b - a +1 robe (worn)
 i - a +0 pair of boots (worn)
 p - a cursed +0 ring mail
Jewellery
 l - an uncursed amulet of faith
 u - a ring of protection from cold (left hand)
Scrolls
 g - a scroll of random uselessness {unknown}
 j - a scroll of amnesia {unknown}
 k - a scroll of immolation {unknown}
 n - 2 scrolls of enchant armour {unknown}
 o - a scroll of identify
 q - a scroll of fear {unknown}
 r - a scroll of teleportation {unknown}
Potions
 d - 15 potions of blood
 m - a potion of might {unknown}
 s - a potion of heal wounds {unknown}
 t - a potion of brilliance {unknown}
Books
 c - a book of Maledictions

   Spells                             Type                      Level
   a - Corona                         Hexes                        1
   b - Ensorcelled Hibernation        Hexes/Ice                    2
   c - Confuse                        Hexes                        3
   d - Tukima's Dance                 Hexes                        3
   e - Dazzling Spray                 Conjuration/Hexes            3


   Skills:
 - Level 1.1 Short Blades
 + Level 4.1 Dodging
 + Level 6.7 Stealth
 - Level 2.0 Spellcasting
 + Level 6.7 Hexes


You had 2 spell levels left.
You knew the following spells:

 Your Spells              Type           Power        Failure   Level  Hunger
a - Corona                Hex            ###....      1%          1    #......
b - Ensorcelled Hibernat  Hex/Ice        ##....       10%         2    ###....
c - Confuse               Hex            ###.....     4%          3    ###....


Dungeon Overview and Level Annotations

Branches:
Dungeon (3/15)

Altars:
Fedhas


Innate Abilities, Weirdness & Mutations

You heal slowly.
You have razor-sharp teeth.
You have supernaturally acute eyesight. (SInv)
You can survive without breathing.


Message History

The centaur is moderately wounded.
The centaur completely misses you.
You hit the centaur.
The centaur is heavily wounded.
The centaur closely misses you.
You hit the centaur but do no damage.
The centaur is heavily wounded.
The centaur stops glowing.
The centaur closely misses you.
You closely miss the centaur. You bite the centaur, but do no damage.
The centaur is heavily wounded.
The centaur hits you.
* * * LOW HITPOINT WARNING * * *
You hit the centaur.
The centaur is severely wounded.
The centaur hits you.
* * * LOW HITPOINT WARNING * * *
You completely miss the centaur.
The centaur is severely wounded.
The centaur hits you!
You die...

#.......#
#.#
#.###...#
#.#
#.#⌠#.###
...
#.###.#
...
#.....#
#...#
####..#
##.## #.##
#.) #.#
#@#
#c#####..#
#.(...c...
#######...


You could see a centaur.

Vanquished Creatures
  A sky beast (D:3)
  Terence (D:2)
  4 gnolls (D:2)
  2 adders (D:2)
  A dart slug (D:2)
  3 leopard geckos
  5 bats
  3 giant cockroaches
  6 goblins
  4 hobgoblins
  9 jackals
  3 frilled lizards
  4 kobolds
  8 rats
54 creatures vanquished.

Notes
Turn   | Place    | Note
-------+----------+-------------------------------------------
     0 | D:1      | dngmouse the Vampire Enchanter began the quest for the Orb.
     0 | D:1      | Reached XP level 1. HP: 13/13 MP: 3/3
   245 | D:1      | Reached XP level 2. HP: 11/19 MP: 3/5
   260 | D:1      | Learned a level 2 spell: Ensorcelled Hibernation
  1081 | D:2      | Reached skill level 5 in Hexes
  1356 | D:2      | Reached XP level 3. HP: 20/24 MP: 1/6
  1598 | D:2      | Reached skill level 5 in Stealth
  1608 | D:2      | Learned a level 3 spell: Confuse
  1843 | D:2      | Noticed Terence
  1859 | D:2      | Killed Terence
  1859 | D:2      | Reached XP level 4. HP: 25/30 MP: 0/7
  2403 | D:2      | Found a blossoming altar of Fedhas.
  2715 | D:3      | Reached XP level 5. HP: 35/35 MP: 8/8
  2754 | D:3      | Noticed a sky beast
  2771 | D:3      | Killed a sky beast
  3598 | D:3      | Noticed a centaur
  3619 | D:3      | Slain by a centaur

Skill      XL: |  1  2  3  4  5 |
---------------+----------------+-----
Hexes          | 5 6 |  6.7
Stealth        | 5 6 |  6.7
Dodging        | 3 4 |  4.1
Short Blades   | |  1.1
Spellcasting   | |  2.0

Action                   |  1- 3 |  4- 6 || total
-------------------------+-------+-------++-------
Melee: Dagger            |   108 |    41 ||   149
       Bite              |     4 |     3 ||     7
 Cast: Corona            |    16 |     4 ||    20
       Ensorcelled Hiber |    16 |    11 ||    27
       Confuse           |       |     2 ||     2
  Use: Scroll            |     3 |       ||     3
       Potion            |       |     5 ||     5
 Stab: Sleeping          |    17 |    10 ||    27
Armor: Robe              |    22 |     3 ||    25
Dodge: Dodged            |    72 |    29 ||   101
